 Dungeon Crawl Stone Soup version 0.30-a0-371-gad7725a93e (webtiles) character file.

Game seed: 12054497300800343382

119565 Zonian the Warrior (level 17, -6/149 HPs)
             Began as a Djinni Ice Elementalist on Nov 22, 2022.
             Was a High Priest of Ashenzari.
             Killed by an exploding ball lightning (30 damage)
             ... on level 4 of the Snake Pit.
             The game lasted 02:13:35 (44066 turns).

Zonian the Warrior (Djinni Ice Elementalist)       Turns: 44066, Time: 02:13:35

Health: -6/149     AC: 14    Str:  9    XL:     17   Next: 34%
Gold:   1587       EV: 24    Int: 22    God:    Ashenzari [*****.] SH: 14 Dex: 21

rFire   + + .      SeeInvis +    R - +9 short sword (drain)
rCold   x . .      Faith    .    S - +2 buckler of Ashenzari's Malaise {Fort, Evo} (curse)
rNeg    . . .      Spirit   .    Q - +2 steam dragon scales "Atheism of Ashenzari" {Cun, Self} (curse)
rPois   ∞          Reflect  +    O - +0 helmet of Ashenzari's Affliction {Self, Cun} (curse)
rElec   .          Harm     .    r - scarf of Curses and Power {repulsion, Self, Fort} (curse)
rCorr   .          Rampage  .    P - +1 pair of gloves of the Eye in the Sky {Self, Evo} (curse)
Will    +....      Clarity  +    (boots unavailable)
Stlth   ++++++....               s - amulet "Lashed Together" {Reflect SH+5, Self, Cun} (curse)
HPRegen 0.44/turn                p - ring "Bound Fetters" {Dex+6, Evo, Melee} (curse)
MPRegen 0.00/turn                T - ring of Ashenzari's Fetters {AC+4, Evo, Melee} (curse)

@: flying, repel missiles
A: sickness immunity, fire resistance 2, cold vulnerability 1, float, innate
caster, HP casting, extra vitality 1
a: Renounce Religion, Curse Item, Shatter the Chains


You were on level 4 of the Snake Pit.
You worshipped Ashenzari.
Ashenzari was extremely pleased with you.
You visited 5 branches of the dungeon, and saw 27 of its levels.
You also visited: Sewer.

You collected 3034 gold pieces.
You spent 1447 gold pieces at shops.

Inventory:

Hand Weapons
 g - a +4 scimitar of flaming
 J - the +3 rapier of Amyiref {freeze, rF+ Int+3}
   (You bought it in a shop on level 4 of the Snake Pit)

   It freezes those it strikes, dealing additional cold damage.
   It can also slow down cold-blooded creatures.
   Int:       It affects your intelligence (+3).
   rF:        It protects you from fire.
 R - a +9 short sword of draining (weapon)
 Y - a +2 dagger of speed
Missiles
 h - a throwing net
 k - 2 silver boomerangs
 t - 17 boomerangs
 L - 3 curare-tipped darts
 M - 22 poisoned darts
Armour
 b - a +2 robe of cold resistance
 o - a +2 scale mail of willpower
 r - the cursed scarf of Curses and Power (worn) {repulsion, Self, Fort}
   (You found it on level 3 of the Dungeon)

   It has a curse which improves the following skills: Introspection: Fighting
   and Spellcasting.
   Fortitude: Armour and Shields.
 O - the cursed +0 helmet of Ashenzari's Affliction (worn) {Self, Cun}
   (You found it on level 7 of the Dungeon)

   It has a curse which improves the following skills: Introspection: Fighting
   and Spellcasting.
   Cunning:   Dodging and Stealth.
 P - the cursed +1 pair of gloves of the Eye in the Sky (worn) {Self, Evo}
   (You found it on level 8 of the Dungeon)

   It has a curse which improves the following skills: Introspection: Fighting
   and Spellcasting.
   Evocations: Evocations.
 Q - the cursed +2 steam dragon scales "Atheism of Ashenzari" (worn) {Cun, Self}
   (You found it on level 8 of the Dungeon)

   It has a curse which improves the following skills: Cunning: Dodging and
   Stealth.
   Introspection: Fighting and Spellcasting.
 S - the cursed +2 buckler of Ashenzari's Malaise (worn) {Fort, Evo}
   (You took it off a spriggan on level 5 of the Lair of Beasts)

   It has a curse which improves the following skills: Fortitude: Armour and
   Shields.
   Evocations: Evocations.
 V - a +0 troll leather armour
 Z - a +1 hat
Jewellery
 l - the ring of Xom's Whimsicality {Fire rCorr Int+7}
   (You took it off a salamander on level 3 of the Snake Pit)

   [ring of fire]

   It enhances your fire magic.
   Int:       It affects your intelligence (+7).
   rF:        It protects you from fire.
   rC:        It makes you vulnerable to cold.
   rCorr:     It protects you from acid and corrosion.
 p - the cursed ring "Bound Fetters" (left hand) {Dex+6, Evo, Melee}
   (You found it on level 3 of the Dungeon)

   [ring of dexterity]

   Dex:       It affects your dexterity (+6).
   It has a curse which improves the following skills: Evocations: Evocations.
   Melee Combat: Short Blades, Long Blades, Axes, Maces & Flails, Polearms,
   Staves and Unarmed Combat.
 s - the cursed amulet "Lashed Together" (around neck) {Reflect SH+5, Self, Cun}
   (You found it on level 11 of the Dungeon)

   [amulet of reflection]

   It reflects blocked missile attacks.
   SH:        It affects your SH (+5).
   It has a curse which improves the following skills: Introspection: Fighting
   and Spellcasting.
   Cunning:   Dodging and Stealth.
 u - a +4 ring of evasion
 C - a ring of ice
 G - a ring of resist corrosion
 T - the cursed ring of Ashenzari's Fetters (right hand) {AC+4, Evo, Melee}
   (You found it on level 8 of the Dungeon)

   [ring of protection]

   AC:        It affects your AC (+4).
   It has a curse which improves the following skills: Evocations: Evocations.
   Melee Combat: Short Blades, Long Blades, Axes, Maces & Flails, Polearms,
   Staves and Unarmed Combat.
Wands
 a - a wand of light (8)
 q - a wand of roots (10)
 w - a wand of polymorph (7)
 B - a wand of flame (53)
 H - a wand of charming (26)
 N - a wand of digging (1)
 U - a wand of mindburst (14)
Scrolls
 c - 4 scrolls of butterflies
 d - 5 scrolls of fear
 f - 5 scrolls of blinking
 i - a scroll of poison
 y - a scroll of enchant armour
 D - a scroll of silence
 F - 4 scrolls of magic mapping
 X - 6 scrolls of teleportation
Potions
 e - a potion of might
 j - 8 potions of heal wounds
 m - 8 potions of mutation
 n - 2 potions of haste
 v - 3 potions of attraction
 x - 3 potions of lignification
 z - a potion of cancellation
 A - 5 potions of invisibility
 E - 7 potions of curing
 I - 2 potions of ambrosia
 K - a potion of brilliance
Miscellaneous
 W - a lightning rod (4/4)


   Skills:
 - Level 16.2(22.5) Fighting
 - Level 6.5(10.0) Short Blades
 + Level 11.9(16.3) Dodging
 - Level 10.5(15.0) Stealth
 - Level 4.7(8.0) Shields
 - Level 13.6(20.0) Spellcasting
 - Level 6.6(12.0) Evocations


You had 13 spell levels left.
You knew the following spells:

 Your Spells              Type           Power      Damage    Failure   Level
a - Freeze                Ice            100%       1d10      0%          1
b - Frozen Ramparts       Ice            100%       1d16      0%          3
c - Ozocubu's Armour      Ice            84%        N/A       0%          3
d - Summon Ice Beast      Ice/Summ       84%        N/A       0%          4
e - Apportation           Tloc           100%       N/A       0%          1
f - Poisonous Vapours     Pois/Air       100%       N/A       0%          2
g - Vhi's Electric Charg  Tloc/Air       100%       N/A       0%          3
h - Summon Lightning Spi  Summ/Air       84%        N/A       0%          4
i - Lee's Rapid Deconstr  Erth           42%        3d20*     1%          5
j - Fireball              Conj/Fire      42%        3d17      1%          5
k - Simulacrum            Ice/Necr       42%        N/A       1%          6
l - Conjure Ball Lightni  Conj/Air       42%        3x3d15    1%          6
Your spell library was empty.

Dungeon Overview and Level Annotations

Branches:
Dungeon (15/15) Temple (1/1) D:5 Lair (5/5) D:10 Shoals (0/4) Lair:2 Snake (4/4) Lair:3 Slime (0/5) Lair:5 Orc (2/2) D:10 Elf (0/3) Orc:2 Vaults (0/5) D:13 D:14 Depths (0/4) D:15 Sewer (visited)

Altars:
Ashenzari
Cheibriados
Dithmenos
Elyvilon
Fedhas
Gozag
Hepliaklqana
Makhleb
Nemelex Xobeh
Okawaru
Qazlal
Ru
Trog
Uskayaw
Wu Jian
Xom
Yredelemnul
Zin
The Shining One
Jiyva

Shops:
D:4 ??!**   D:11 *=([:   D:14 (   Orc:2 =[!?   Snake:1 **   Snake:3 (
Snake:4 (**?

Annotations:
D:3 3 runed translucent doors, Grinder, Terence
D:6 Maggie
D:14 3 runed translucent doors, indyram44's ghost, journeyman DsFi
Temple 2 transporters
Orc:2 2 transporters, freelancePsychic's ghost, journeyman VSSu


Innate Abilities, Weirdness & Mutations

You are immune to sickness and miasma.
You are immune to poison.
Your flesh is very heat resistant. (rF++)
You are vulnerable to cold. (rC-)
You float through the air rather than walking.
You learn spells naturally, not from books.
Your magical power is your life essence.
You have superior vitality. (+4 MHP)


Message History

There is an entrance to Ommu Inn's Antique Weapon Shop here.
You see here the +3 rapier of Amyiref {freeze, rF+ Int+3}.
You can't carry that many items.
You drop a +1 short sword of flaming.
There is an entrance to Ommu Inn's Antique Weapon Shop here.
You see here the +3 rapier of Amyiref {freeze, rF+ Int+3}.
J - the +3 rapier of Amyiref {freeze, rF+ Int+3} You hear the faint crackling of a melting archway nearby.
Casting: Lee's Rapid Deconstruction (safe; 1% risk of failure)
Confirm with . or Enter, or press ? or * to list all spells.
You create some ball lightning! 3 ball lightnings come into view.
Unknown command.
You swap places.
Unknown command.
Your ball lightning explodes!
The blast of lightning engulfs your nagaraja simulacrum!!
Your nagaraja simulacrum vaporises!
The blast of lightning engulfs your ball lightning.
Your ball lightning completely resists.
The blast of lightning engulfs your naga simulacrum!
Your naga simulacrum vaporises!
The blast of lightning engulfs your naga simulacrum!!
Your naga simulacrum vaporises!
The blast of lightning engulfs your naga simulacrum!!!
Your naga simulacrum vaporises!
The blast of lightning engulfs you!
* * * LOW HITPOINT WARNING * * *
The blast of lightning engulfs your ball lightning.
Your ball lightning completely resists.
You hear an angry hiss. x2
Your ball lightning explodes!
The blast of lightning engulfs your ball lightning.
Your ball lightning completely resists.
The blast of lightning engulfs you!!
* * * LOW HITPOINT WARNING * * *
You feel better.
Your ball lightning explodes!
The blast of lightning engulfs you!!
You die...

,, , ,. ##....... #####,, ,
*,,, *,,*.+#.......###...# ,
, ,**###.###.....#.....#, , ,
##.....##..).#.....#, ,
,##...8...##...#.....#,, **
,##.........##..')....#
*##.....∩.....##)##....# ,
#....♣...♣...†#.#.Z...#
####.:.).....@...#†#....## ,
#....8.∩.○8..∩.8)).#....##
#..#.............#.#...<.#,,∆
#
,#....♣...♣....#.##....#,,∆,
##.....∩.....##..###### ∆ ,
,,##.........##....,,,,, ,, *
##...8...##∆.<... , ,, ** ,
##..?..## ,...... *,, * ,,
###.### ####...#*,


There were no monsters in sight!

Vanquished Creatures
  Rupert (D:13)
  Frances (D:12)
  Roxanne (Snake:2)
  Kirke (Snake:4)
  2 nagarajas
  An orc warlord (Orc:1)
  Nessos (D:12)
  Fannar (D:10)
  3 hydras
  A catoblepas (Lair:1)
  A salamander tyrant (Snake:3)
  2 centaur warriors
  2 boulder beetles (D:13)
  Erica (D:8)
  3 two-headed ogres
  6 anacondas
  5 naga warriors
  3 death yaks
  8 naga sharpshooters
  An orc high priest (Orc:1)
  Sonja (D:13)
  3 shock serpents (Snake:3)
  Lodul (D:13)
  2 salamander mystics
  3 naga ritualists
  2 glowing orange brains (D:14)
  A sea snake (Snake:1)
  A wizard (D:14)
  A deep elf pyromancer (D:14)
  3 orc knights (Orc:2)
  14 ugly things
  3 salamanders
  2 mana vipers
  A black mamba (shapeshifter) (D:14)
  A merfolk siren (Lair:2)
  3 elephants (Lair:1)
  3 cyclopes
  Maurice (D:8)
  9 naga magi
  3 gargoyles
  15 black mambas
  4 kobold demonologists
  Psyche (D:10)
  6 cane toads
  A torpor snail (Lair:2)
  2 rime drakes
  An unseen horror (D:9)
  An efreet (D:14)
  5 komodo dragons
  2 tengu conjurers (D:14)
  2 merfolk (Lair:2)
  2 trolls
  7 hornets (Lair:5)
  10 blink frogs
  A polar bear (Lair:5)
  9 slime creatures
  10 dream sheep
  2 shadows
  4 basilisks
  6 spriggans (Lair:5)
  11 yaks
  A vampire (D:10)
  3 wyverns
  A hog (Snake:4)
  2 wraiths
  14 humans (D:13)
  3 steam dragons
  Edmund (D:4)
  6 vampire mosquitoes (D:12)
  4 wargs
  24 nagas
  An acid dragon (D:11)
  11 water moccasins
  25 orc warriors
  3 black bears
  3 sky beasts
  An ice beast (D:7)
  A boggart (Lair:5)
  12 ogres
  18 wolves
  25 centaurs
  2 phantoms
  4 kobold brigands
  11 bullfrogs
  A necrophage (D:5)
  5 scorpions
  4 wights
  15 killer bees
  An electric eel (Lair:1)
  2 howler monkeys
  2 jellies
  2 gnoll boudas (D:7)
  8 hounds
  11 orc priests
  6 iguanas
  Natasha (thrice) (D:4)
  15 orc wizards
  10 gnolls
  9 adders
  A shadow imp (D:6)
  2 white imps
  A worm (D:2)
  3 dart slugs
  62 orcs
  4 bats
  4 endoplasms
  2 giant cockroaches
  7 hobgoblins
  3 quokkas
  6 ball pythons
  3 frilled lizards (D:2)
  7 goblins
  32 kobolds
  3 rats
  A spectral goblin (D:4)
  2 bushes (D:14)
618 creatures vanquished.

Vanquished Creatures (collateral kills)
  3 hydras
  5 anacondas
  A two-headed ogre (D:10)
  2 naga sharpshooters
  2 naga warriors
  2 sea snakes (Snake:1)
  A naga ritualist (Snake:2)
  3 orc knights
  2 mana vipers (Snake:2)
  2 ugly things (D:14)
  4 salamanders (Snake:3)
  5 black mambas
  A merfolk siren (Lair:2)
  3 naga magi (Snake:3)
  Joseph (D:10)
  4 cane toads
  3 rime drakes
  2 trolls (D:11)
  A hornet (Lair:5)
  2 blink frogs (Lair:5)
  A dream sheep (Lair:2)
  2 polar bears (Lair:5)
  9 spriggans (Lair:5)
  A wyvern (Lair:5)
  A yak (Lair:1)
  A vampire (D:10)
  3 basilisks
  2 humans (D:13)
  A hog (Snake:4)
  A vampire mosquito (D:12)
  7 nagas
  2 water moccasins
  11 orc warriors
  2 boggarts (Lair:5)
  A black bear (Lair:5)
  3 wolves (Lair:5)
  4 centaurs
  3 ogres
  A necrophage (D:7)
  An orc priest (Orc:1)
  2 orc wizards
  18 orcs
126 creatures vanquished.

Vanquished Creatures (others)
  3 humans (Snake:4)
  An acid dragon (D:12)
  20 fungi
  35 plants
59 creatures vanquished.

Grand Total: 803 creatures vanquished

Notes
Turn   | Place    | Note
-------+----------+-------------------------------------------
     0 | D:1      | Zonian the Djinni Ice Elementalist began the quest for the
                  | Orb.
     0 | D:1      | Zonian set off with the following spells memorised: Freeze,
                  | Frozen Ramparts, Ozocubu's Armour, Summon Ice Beast.
     0 | D:1      | Reached XP level 1. HP: 15/15 MP: 0/0
   559 | D:1      | Reached XP level 2. HP: 17/21 MP: 0/0
  1041 | D:2      | Reached XP level 3. HP: 24/25 MP: 0/0
  1041 | D:2      | Learned a level 1 spell: Apportation
  1089 | D:2      | Found a shadowy altar of Dithmenos.
  1687 | D:3      | Found a shimmering altar of Xom.
  1901 | D:3      | Reached XP level 4. HP: 27/31 MP: 0/0
  2099 | D:3      | Found a runed translucent gate.
  2099 | D:3      | Found a runed translucent gate.
  2099 | D:3      | Found a runed translucent gate.
  2136 | D:3      | Noticed Terence
  2568 | D:3      | Noticed Grinder
  2783 | D:4      | Noticed a phantom
  3154 | D:4      | Found Dioc Fuxt's Magic Scroll Boutique.
  3281 | D:4      | Bought a scroll of blinking for 82 gold pieces
  3297 | D:4      | Noticed Natasha
  3305 | D:4      | Killed Natasha
  3306 | D:4      | Reached XP level 5. HP: 25/35 MP: 0/0
  3306 | D:4      | Learned a level 2 spell: Poisonous Vapours
  3323 | D:4      | Noticed Natasha
  3331 | D:4      | Killed Natasha
  3798 | D:4      | Found Nach's Assorted Antiques.
  3801 | D:4      | Noticed Edmund
  3804 | D:4      | Bought a scroll labelled QAHEHI BYALY for 32 gold pieces
  3804 | D:4      | Bought a scroll labelled RECHIC IDINEI for 32 gold pieces
  3855 | D:4      | Found Ynuachawk's Distillery.
  3914 | D:4      | Noticed Natasha
  3948 | D:4      | Found Duneot's Magic Scroll Shoppe.
  4252 | D:4      | Reached XP level 6. HP: 36/40 MP: 0/0
  4704 | D:4      | Killed Natasha
  4766 | D:4      | Found Wabaryosh's Assorted Antiques.
  4769 | D:4      | Bought a scroll labelled GUVVINOUPU for 30 gold pieces
  5003 | D:5      | Entered Level 5 of the Dungeon
  5106 | D:5      | Reached XP level 7. HP: 34/45 MP: 0/0
  5106 | D:5      | Learned a level 3 spell: Vhi's Electric Charge
  5112 | D:5      | Found a staircase to the Ecumenical Temple.
  5121 | Temple   | Entered the Ecumenical Temple
  5121 | Temple   | Found a transporter.
  5121 | Temple   | Found a transporter.
  5123 | Temple   | Found a transporter.
  5123 | Temple   | Found a transporter.
  5250 | D:5      | Reached skill level 5 in Dodging
  5269 | D:5      | Found a glowing drain.
  5281 | Sewer    | Entered a sewer
  6236 | D:5      | Reached XP level 8. HP: 50/50 MP: 0/0
  6304 | D:5      | Reached skill level 5 in Spellcasting
  6411 | D:5      | Reached skill level 5 in Stealth
  7051 | D:6      | Noticed Maggie
  7585 | D:6      | Reached XP level 9. HP: 42/55 MP: 0/0
  7585 | D:6      | Learned a level 4 spell: Summon Lightning Spire
  9296 | D:7      | Identified the +1 scale mail "Nor Ammi" {Will+}
  9333 | D:7      | Reached XP level 10. HP: 49/60 MP: 0/0
 10482 | D:8      | Found a broken altar of Ashenzari.
 10484 | D:8      | Noticed Erica
 10570 | D:8      | Noticed Maurice
 10595 | D:8      | Killed Maurice
 10895 | D:8      | Killed Erica
 10896 | D:8      | Reached skill level 2 in Fighting
 11163 | D:8      | Became a worshipper of Ashenzari the Shackled
 11685 | D:8      | Reached skill level 3 in Fighting
 12174 | D:9      | Reached skill level 4 in Fighting
 12428 | D:9      | Reached XP level 11. HP: 61/74 MP: 0/0
 12428 | D:9      | Learned a level 5 spell: Lee's Rapid Deconstruction
 12923 | D:9      | Reached skill level 5 in Fighting
 14548 | D:10     | Entered Level 10 of the Dungeon
 14548 | D:10     | Noticed a two-headed ogre
 14582 | D:10     | Noticed a seven-headed hydra
 14590 | D:10     | Noticed Joseph
 14792 | D:10     | Found a staircase to the Orcish Mines.
 14824 | D:10     | Reached skill level 6 in Fighting
 14824 | D:10     | Reached * piety under Ashenzari
 15081 | D:10     | Found a sacrificial altar of Ru.
 15093 | D:10     | Noticed Psyche
 15118 | D:10     | Identified the cursed scarf of Curses and Power {repulsion,
                  | Self, Fort} (You found it on level 3 of the Dungeon)
 15118 | D:10     | Identified the cursed ring "Bound Fetters" {Dex+6, Evo,
                  | Melee} (You found it on level 3 of the Dungeon)
 15139 | D:10     | Killed Psyche
 15187 | D:10     | Found a staircase to the Lair.
 15193 | Lair:1   | Entered Level 1 of the Lair of Beasts
 15764 | Lair:1   | Noticed an elephant
 15814 | Lair:1   | Reached skill level 7 in Fighting
 16202 | Lair:1   | Reached ** piety under Ashenzari
 16226 | Lair:1   | Noticed an elephant
 16262 | Lair:1   | Noticed a catoblepas
 16685 | Lair:2   | Noticed a merfolk siren
 17317 | Lair:2   | Reached *** piety under Ashenzari
 17501 | Lair:2   | Found a staircase to the Shoals.
 17501 | Lair:2   | Noticed a merfolk siren
 17512 | Lair:2   | Reached skill level 8 in Fighting
 17512 | Lair:2   | Reached skill level 1 in Short Blades
 17512 | Lair:2   | Reached XP level 12. HP: 41/94 MP: 0/0
 18731 | Lair:3   | Noticed a seven-headed hydra
 18742 | Lair:3   | Killed a five-headed hydra
 18909 | Lair:3   | Reached skill level 10 in Spellcasting
 19043 | Lair:3   | Reached skill level 9 in Fighting
 19436 | Lair:3   | Found a staircase to the Snake Pit.
 19529 | Lair:3   | Reached **** piety under Ashenzari
 20097 | Lair:3   | Reached skill level 10 in Fighting
 20537 | Lair:4   | Noticed a six-headed hydra
 20558 | Lair:4   | Killed a six-headed hydra
 20741 | Lair:4   | Reached XP level 13. HP: 94/107 MP: 0/0
 20741 | Lair:4   | Learned a level 5 spell: Fireball
 21925 | Lair:5   | Entered Level 5 of the Lair of Beasts
 21944 | Lair:5   | Reached skill level 11 in Fighting
 22216 | Lair:5   | Noticed a seven-headed hydra
 22224 | Lair:5   | Killed a seven-headed hydra
 22593 | Lair:5   | Found a staircase to the Slime Pits.
 22594 | Lair:5   | Found a viscous altar of Jiyva.
 22680 | Lair:5   | Reached skill level 12 in Fighting
 23650 | Lair:5   | Reached XP level 14. HP: 37/119 MP: 0/0
 26418 | D:10     | Found a hide-covered altar of Uskayaw.
 26521 | D:10     | Killed Joseph
 26607 | D:10     | Identified the +3 plate armour "Icocwao" {Dex+4}
 26723 | D:10     | Noticed Fannar
 26745 | D:10     | Killed Fannar
 26746 | D:10     | Reached skill level 13 in Fighting
 26817 | D:10     | Found a sparkling altar of Nemelex Xobeh.
 26832 | D:10     | Found an iron altar of Okawaru.
 26994 | D:11     | Found Feem's Armour Boutique.
 27044 | D:11     | Found Ufomaj's Weapon Shoppe.
 27107 | D:11     | Found Leant's Jewellery Emporium.
 27133 | D:11     | Found Roonaesa's Book Shop.
 27207 | D:11     | Reached ***** piety under Ashenzari
 27224 | D:11     | Reached skill level 5 in Short Blades
 27730 | D:11     | Found Cumebouh's Assorted Antiques.
 27776 | D:11     | Bought a jade-encrusted leather armour for 238 gold pieces
 27776 | D:11     | Identified the +2 leather armour "Jayjithru" {MP+9} (You
                  | bought it in a shop on level 11 of the Dungeon)
 27776 | D:11     | Bought a scroll of fear for 136 gold pieces
 28142 | D:12     | Noticed Nessos
 28152 | D:12     | Killed Nessos
 28301 | D:12     | Noticed Frances
 29243 | D:12     | Killed Frances
 29757 | D:13     | Noticed Sonja
 29790 | D:13     | Killed Sonja
 30246 | D:13     | Noticed Rupert
 30401 | D:13     | Paralysed by Rupert for 2 turns
 30412 | D:13     | Killed Rupert
 30716 | D:14     | Noticed Lodul
 30753 | D:14     | Found a gate to the Vaults.
 31298 | D:13     | Reached skill level 14 in Fighting
 31298 | D:13     | Reached XP level 15. HP: 124/131 MP: 0/0
 31298 | D:13     | Learned a level 6 spell: Simulacrum
 31624 | D:13     | Killed Lodul
 31941 | D:14     | Found Akkeh's Antique Weapon Emporium.
 32268 | D:14     | Bought a jewelled flail for 221 gold pieces
 32268 | D:14     | Identified the +3 flail "Suufrurph" {protect, Str+3} (You
                  | bought it in a shop on level 14 of the Dungeon)
 32493 | D:14     | Found a white marble altar of Elyvilon.
 33060 | D:14     | Found a runed translucent gate.
 33061 | D:14     | Found a runed translucent gate.
 33062 | D:14     | Found a runed translucent gate.
 33214 | D:14     | Reached skill level 1 in Evocations
 33832 | D:14     | Found a runed translucent gate.
 33832 | D:14     | Found a runed translucent gate.
 33837 | D:14     | Found a runed translucent gate.
 33844 | D:14     | Noticed indyram44's ghost (journeyman DsFi)
 33844 | D:14     | Identified the +1 pair of boots of the Little Devil {rF++
                  | Slay+6}
 33844 | D:14     | Noticed a cacodemon
 33883 | D:15     | Entered Level 15 of the Dungeon
 34700 | Orc:1    | Entered Level 1 of the Orcish Mines
 34766 | Orc:1    | Reached skill level 1 in Shields
 34817 | Orc:1    | Reached skill level 10 in Dodging
 35108 | Orc:1    | Noticed an orc warlord
 35122 | Orc:1    | Killed an orc warlord
 35545 | Orc:2    | Entered Level 2 of the Orcish Mines
 36435 | Orc:2    | Found a staircase to the Elven Halls.
 36554 | Orc:2    | Found Peinibbu's Armour Emporium.
 36554 | Orc:2    | Found Holuv's Distillery.
 36554 | Orc:2    | Found Ihymp's Magic Scroll Boutique.
 36557 | Orc:2    | Found Idauref's Jewellery Shoppe.
 36569 | Orc:2    | Bought a potion of heal wounds for 85 gold pieces
 36569 | Orc:2    | Bought a potion of heal wounds for 85 gold pieces
 36571 | Orc:2    | Bought a scroll of teleportation for 48 gold pieces
 36571 | Orc:2    | Bought a scroll of teleportation for 48 gold pieces
 36649 | Orc:2    | Reached XP level 16. HP: 87/140 MP: 0/0
 36891 | Orc:2    | Found a transporter.
 36900 | Orc:2    | Noticed freelancePsychic's ghost (journeyman VSSu)
 36902 | Orc:2    | Found a bloodstained altar of Trog.
 36933 | Orc:2    | Found a transporter.
 37493 | D:4      | Killed Edmund
 37623 | D:4      | Found a hazy altar of Hepliaklqana.
 37880 | D:4      | Bought a scroll of enchant weapon for 90 gold pieces
 38166 | Snake:1  | Entered Level 1 of the Snake Pit
 38211 | Snake:1  | Reached skill level 15 in Fighting
 38293 | Snake:1  | Found Ymneaw's General Store.
 38304 | Snake:1  | Found Vokleo Tefe's Specific Store.
 40215 | Snake:2  | Noticed Roxanne
 40219 | Snake:2  | Killed Roxanne
 40392 | Snake:2  | Reached skill level 16 in Fighting
 41386 | Snake:3  | Found Xueke's Antique Weapon Boutique.
 41442 | Snake:3  | Reached skill level 10 in Stealth
 41897 | Snake:3  | Reached skill level 5 in Evocations
 42285 | Snake:3  | Reached XP level 17. HP: 138/149 MP: 0/0
 42285 | Snake:3  | Learned a level 6 spell: Conjure Ball Lightning
 43093 | Snake:3  | Identified the ring of Xom's Whimsicality {Fire rCorr
                  | Int+7}
 43904 | Snake:4  | Entered Level 4 of the Snake Pit
 43917 | Snake:4  | Found Qoarig's Magic Scroll Boutique.
 43919 | Snake:4  | Found Logottej's Assorted Antiques.
 43919 | Snake:4  | Found Ylelus's General Store.
 43949 | Snake:4  | Noticed Kirke
 43975 | Snake:4  | Killed Kirke
 44036 | Snake:4  | Found Ommu Inn's Antique Weapon Shop.
 44050 | Snake:4  | Bought a potion of heal wounds for 65 gold pieces
 44050 | Snake:4  | Bought a scroll of teleportation for 39 gold pieces
 44053 | Snake:4  | Bought a polished rapier for 216 gold pieces
 44053 | Snake:4  | Identified the +3 rapier of Amyiref {freeze, rF+ Int+3}
                  | (You bought it in a shop on level 4 of the Snake Pit)
 44066 | Snake:4  | Killed by an exploding ball lightning

Illustrated notes

Levels and vault maps discovered:
D:1:      lemuel_arrival_funnel, layout_basic
D:2:      layout_basic, basic_altar, kennysheep_generic_room_15
D:3:      layout_basic, xom_teletrap_fun, gammafunk_ghost_icy, st_stairs_2,
          minmay_misc_feat_pillars, uniq_terence, uniq_grinder
D:4:      nicolae_cairo_tiling_large, layout_basic,
          nicolae_hepliaklqana_monster_ancestors, marbit_many_paths,
          serial_shops, kennysheep_mini, nicolae_inconvenience_store,
          kennysheep_mini_moat, nicolae_shop_waterfront, shop,
          grunt_ministairs_5, uniq_natasha, uniq_edmund
D:5:      layout_gridville, minmay_temple_entry_slanted, portal_sewer_entry_d
D:6:      layout_cave_pods, uniq_maggie
D:7:      layout_basic, nzn_random_ring
D:8:      layout_loops_corners, nicolae_ashenzari_skybound, uniq_erica,
          uniq_maurice
D:9:      layout_loops_cross
D:10:     layout_cave_pools, nicolae_vehumet_altar_sigil, hangedman_ru_absence,
          minitemple, mainiacjoe_overflow_boulevard, lair_entry_dummy,
          onia_ninara_dug_in_and_dangerous, uniq_psyche, uniq_joseph,
          uniq_fannar
D:11:     layout_cross, serial_shops, shop, shop, shop, shop_coins, shop
D:12:     layout_cave_pods, lemuel_nasty_fountain, uniq_frances, uniq_nessos
D:13:     layout_basic, uniq_sonja, uniq_rupert
D:14:     layout_long_grid, david_vaults_3,
          ploomutoo_gammafunk_ghost_potion_laboratory, serial_shops,
          nicolae_shop_waterfront, nicolae_elyvilon_peaceful_grove, uniq_lodul
D:15:     grunt_enter_depths_snipers, layout_basic,
          chequers_serial_rivers_large_a, nicolae_dithmenos_the_darkroom
Temple:   hellmonk_temple_divided_pantheon
Lair:1:   layout_chaotic_city, grunt_megastairs_3, serial_bayou_shore_b,
          serial_bayou_shore_a, infiniplex_staircase_pool_2
Lair:2:   layout_gridlike, elwin_shoals_entry_stream, grunt_megastairs_5
Lair:3:   layout_regular_city, minmay_snake_entry_guardpost_large
Lair:4:   layout_cellular_growth, kennysheep_basilisk_garden, lemuel_fruit_tree
Lair:5:   minmay_lair_end_enchanted_forest, layout_big_grid, slime_entry_1
Snake:1:  layout_cave_pods, nicolae_specific_store, minmay_snake_pond
Snake:2:  layout_layer_cave, uniq_roxanne
Snake:3:  layout_layer_cave, serial_shops, shop, nicolae_integral_box
Snake:4:  snake_pit, layout_cave_town, serial_shops, shop_fountains,
          basic_altar, portal_ice_cave_entry_pillars_1, minmay_shoptagon,
          uniq_kirke
Orc:1:    layout_caves
Orc:2:    st_orc_rangers, layout_diamond_mine,
          gammafunk_ghost_wrathful_warriors, hellmonk_bongcloud_opening

Skill      XL: |  1  2  3  4  5  6  7  8  9 10 11 12 13 14 15 16 17 |
---------------+----------------------------------------------------+-----
Stealth        | 2 3 4 5 7 10 | 10.5
Dodging        | 3 4 5 6 8 9 10 11 | 11.9
Spellcasting   | 4 5 6 8 9 10 12 13 | 13.6
Fighting       | 4 8 10 12 14 16 | 16.2
Short Blades   | 1 3 6 |  6.5
Evocations     | 4 5 6 |  6.6
Shields        | 4 |  4.7

Action                   |  1- 3 |  4- 6 |  7- 9 | 10-12 | 13-15 | 16-18 || total
-------------------------+-------+-------+-------+-------+-------+-------++-------
Melee: Spear             |    19 |       |       |       |       |       ||    19
       Dagger            |    15 |    40 |    67 |       |       |       ||   122
       Punch             |       |     2 |     2 |     4 |     8 |       ||    16
       Whip              |       |       |    18 |       |       |       ||    18
       Short sword       |       |       |    88 |   530 |   851 |   333 ||  1802
       Scimitar          |       |       |       |     2 |       |       ||     2
Throw: Dart              |       |       |       |     2 |     1 |       ||     3
       Boomerang         |       |       |       |     1 |     1 |       ||     2
 Cast: Freeze            |    38 |    57 |    39 |     1 |       |       ||   135
       Poisonous Vapours |       |     4 |       |       |    13 |       ||    17
       Frozen Ramparts   |       |     2 |    18 |    23 |    19 |     3 ||    65
       Ozocubu's Armour  |       |       |     9 |    12 |     8 |     3 ||    32
       Vhi's Electric Ch |       |       |     1 |       |     3 |       ||     4
       Summon Lightning  |       |       |     2 |     8 |    45 |     4 ||    59
       Summon Ice Beast  |       |       |       |     1 |    14 |     3 ||    18
       Apportation       |       |       |       |     1 |       |       ||     1
       Lee's Rapid Decon |       |       |       |     9 |    92 |    37 ||   138
       Fireball          |       |       |       |       |    84 |    19 ||   103
       Simulacrum        |       |       |       |       |    13 |    31 ||    44
       Conjure Ball Ligh |       |       |       |       |       |     1 ||     1
Invok: Curse Item        |       |       |       |     6 |     2 |       ||     8
Evoke: Wand              |       |     2 |     4 |    13 |    10 |       ||    29
       Lightning rod     |       |       |       |       |     5 |       ||     5
  Use: Scroll            |       |    17 |     5 |     8 |     8 |     7 ||    45
       Potion            |       |       |     2 |     4 |     3 |     1 ||    10
 Stab: Sleeping          |     1 |     5 |    11 |     7 |     7 |     8 ||    39
       Invisible         |       |       |     1 |       |     4 |       ||     5
       Distracted        |       |       |       |     1 |    13 |     5 ||    19
Armor: Robe              |    14 |    13 |    21 |     8 |       |       ||    56
       Steam dragon scal |       |       |       |   153 |   146 |    30 ||   329
Dodge: Dodged            |    45 |    70 |   174 |   593 |   603 |   180 ||  1665
       Repelled          |       |     1 |       |     5 |     4 |     3 ||    13
Block: Other             |       |       |       |       |    71 |       ||    71
       Reflection        |       |       |       |       |    41 |    23 ||    64
       Buckler           |       |       |       |       |    86 |   185 ||   271

Table legend: (Time is in decaauts)
 A = Elapsed time spent in this place.
 B = Non-inter-level travel time spent in this place.
 C = Inter-level travel time spent in this place.
 D = Time resting spent in this place.
 E = Time spent auto-exploring this place.
 F = Levels seen in this place.
 G = Mean time per level.
                   A        B        C        D        E       F      G
               +--------+--------+--------+--------+--------+-----+--------+
         Total |  43891 |  42292 |   1599 |  18706 |  14105 |  28 | 1567.5 |
       Dungeon |  22939 |  22054 |    885 |   9232 |   7809 |  15 | 1529.3 |
        Temple |     31 |     31 |      0 |      0 |      0 |   1 |   31.0 |
          Lair |  11430 |  10912 |    518 |   6162 |   2248 |   5 | 2286.0 |
     Snake Pit |   6110 |   6019 |     91 |   1886 |   3105 |   4 | 1527.5 |
  Orcish Mines |   2565 |   2462 |    103 |    922 |    798 |   2 | 1282.5 |
         Sewer |    814 |    814 |      0 |    504 |    145 |   1 |  814.0 |
               +--------+--------+--------+--------+--------+-----+--------+

Top non-repeatable levels by time:
     D:8: 2905 daAuts
  Lair:1: 2847 daAuts
     D:4: 2658 daAuts
  Lair:5: 2444 daAuts
  Lair:2: 2243 daAuts
 Snake:2: 2155 daAuts
     D:9: 2143 daAuts
 Snake:3: 2122 daAuts
    D:14: 2040 daAuts
    D:13: 2035 daAuts
  Lair:4: 1970 daAuts
     D:7: 1946 daAuts
  Lair:3: 1924 daAuts
    D:12: 1774 daAuts
 Snake:1: 1674 daAuts
